[ AOE2 MATCH · #505025447 ]
UnrankedBohemians vs Goths
Player's team · LOSS
Rival team · WIN
[ REPLAY ANALYSIS · EXTRACTED FROM THE RECORDED GAME ]
Feudal
13:56
Castle
17:29
Imperial
30:17
| APM avg | 32.1 |
| APM peak | 62 |
| eAPM avg | 19.0 |
| Villagers / military | 144 / 76 |
Focus
⚔️ 25.4% · 🌾 74.6%
Hand Cannoneer ×57 · Bombard Cannon ×8 · Skirmisher ×6 · Trebuchet (Packed) ×2 · Monk ×1 · Mangonel ×1
Feudal
13:09
Castle
16:45
Imperial
33:55
| APM avg | 25.9 |
| APM peak | 53 |
| eAPM avg | 20.0 |
| Villagers / military | 135 / 224 |
Focus
⚔️ 33.3% · 🌾 66.7%
Huskarl ×117 · Skirmisher ×97 · Trebuchet (Packed) ×7 · Fishing Ship ×5 · Battering Ram ×3
Match map
Initial resources + every placement click. Lines = walls · curves = elevation contours. ◆ gold · ⬟ stone · ● berries · ✦ relic · ◌ wall gap
Your base· ✓ Closed at 17:29 · 7t walls · no gate
Bart's base· ✓ Closed at 16:45 · 27t walls · no gate
Smoothed initial terrain · ◌ = detected wall gap · hover for details
Inputs per minute
— Arthemis - - Bart
Build order — Arthemis
First 150 of 368 actions detected
| 0:01 | Queue | Villager (Male) |
| 0:01 | Queue | Villager (Male) |
| 0:02 | Build | House |
| 0:04 | Build | House |
| 0:23 | Research | Loom |
| 1:00 | Queue | Villager (Male) |
| 1:00 | Queue | Villager (Male) |
| 1:41 | Build | House |
| 1:44 | Build | House |
| 1:51 | Build | Lumber Camp |
| 2:04 | Queue | Villager (Male) |
| 3:03 | Queue | Villager (Male) |
| 3:51 | Queue | Villager (Male) |
| 4:39 | Queue | Villager (Male) |
| 4:57 | Build | Palisade Wall |
| 5:17 | Queue | Villager (Male) |
| 5:47 | Queue | Villager (Male) |
| 6:28 | Queue | Villager (Male) |
| 7:04 | Queue | Villager (Male) |
| 7:19 | Queue | Villager (Male) |
| 7:19 | Queue | Villager (Male) |
| 7:19 | Queue | Villager (Male) |
| 7:54 | Queue | Villager (Male) |
| 8:12 | Build | Lumber Camp |
| 8:25 | Queue | Villager (Male) |
| 9:32 | Queue | Villager (Male) |
| 9:42 | Build | House |
| 10:08 | Build | Mill |
| 10:27 | Queue | Villager (Male) |
| 10:28 | Queue | Villager (Male) |
| 10:56 | Queue | Villager (Male) |
| 11:01 | Build | House |
| 11:46 | Research | Feudal Age |
| 11:56 | Build | House |
| 11:57 | Build | House |
| 12:06 | Build | Mining Camp |
| 12:28 | Queue | Villager (Male) |
| 12:28 | Queue | Villager (Male) |
| 13:56 | Age | Feudal Age |
| 13:58 | Build | Market |
| 14:01 | Build | Blacksmith |
| 14:05 | Build | Palisade Wall |
| 14:16 | Research | Double-Bit Axe |
| 14:49 | Research | Castle Age |
| 15:15 | Research | Horse Collar |
| 15:57 | Queue | Villager (Male) |
| 17:29 | Age | Castle Age |
| 17:33 | Build | Town Center |
| 17:38 | Build | Town Center |
| 17:42 | Research | Bow Saw |
| 17:55 | Queue | Villager (Male) |
| 17:55 | Queue | Villager (Male) |
| 18:08 | Build | Farm |
| 18:20 | Build | Farm |
| 18:23 | Build | Farm |
| 18:46 | Queue | Villager (Male) |
| 18:46 | Queue | Villager (Male) |
| 18:49 | Build | Farm |
| 18:51 | Build | Farm |
| 18:52 | Queue | Villager (Male) |
| 18:52 | Queue | Villager (Male) |
| 19:02 | Build | Farm |
| 19:04 | Build | Farm |
| 19:08 | Build | Farm |
| 19:12 | Build | Farm |
| 19:18 | Queue | Villager (Male) |
| 19:24 | Build | Farm |
| 19:24 | Queue | Villager (Male) |
| 19:32 | Build | Farm |
| 19:36 | Queue | Villager (Male) |
| 19:38 | Build | Farm |
| 19:43 | Build | Farm |
| 19:43 | Queue | Villager (Male) |
| 20:03 | Queue | Villager (Male) |
| 20:05 | Build | Farm |
| 20:06 | Queue | Villager (Male) |
| 20:10 | Build | Farm |
| 20:14 | Build | Farm |
| 20:19 | Build | Farm |
| 20:20 | Queue | Villager (Male) |
| 20:23 | Build | Farm |
| 20:30 | Build | Farm |
| 20:33 | Queue | Villager (Male) |
| 20:39 | Build | Farm |
| 20:42 | Queue | Villager (Male) |
| 20:45 | Build | Farm |
| 21:03 | Queue | Villager (Male) |
| 21:03 | Queue | Villager (Male) |
| 21:06 | Build | Monastery |
| 21:12 | Queue | Villager (Male) |
| 21:18 | Build | Farm |
| 21:22 | Build | Farm |
| 21:25 | Build | Farm |
| 21:29 | Queue | Villager (Male) |
| 21:29 | Queue | Villager (Male) |
| 21:33 | Build | Farm |
| 21:39 | Build | Farm |
| 21:40 | Queue | Villager (Male) |
| 21:46 | Build | Farm |
| 21:46 | Queue | Villager (Male) |
| 21:47 | Queue | Villager (Male) |
| 22:02 | Queue | Monk |
| 22:08 | Build | House |
| 22:11 | Queue | Villager (Male) |
| 22:20 | Build | House |
| 22:21 | Build | House |
| 22:23 | Build | House |
| 22:24 | Build | House |
| 22:25 | Build | House |
| 22:26 | Build | House |
| 22:27 | Build | House |
| 22:28 | Build | House |
| 22:29 | Research | Wheelbarrow |
| 22:30 | Queue | Villager (Male) |
| 22:31 | Research | Town Watch |
| 22:35 | Build | Outpost |
| 22:37 | Build | Outpost |
| 22:48 | Build | Farm |
| 22:51 | Build | Farm |
| 22:52 | Research | Fervor |
| 22:54 | Queue | Villager (Male) |
| 22:55 | Queue | Villager (Male) |
| 22:55 | Queue | Villager (Male) |
| 23:07 | Build | Farm |
| 23:10 | Build | Farm |
| 23:14 | Queue | Villager (Male) |
| 23:14 | Queue | Villager (Male) |
| 23:54 | Build | Stone Wall |
| 24:12 | Queue | Villager (Male) |
| 24:12 | Queue | Villager (Male) |
| 24:12 | Queue | Villager (Male) |
| 24:15 | Build | Siege Workshop |
| 24:28 | Queue | Villager (Male) |
| 24:29 | Queue | Villager (Male) |
| 24:29 | Queue | Villager (Male) |
| 24:29 | Queue | Villager (Male) |
| 24:45 | Queue | Mangonel |
| 24:54 | Build | Stone Wall |
| 24:55 | Build | Stone Wall |
| 25:03 | Build | Stone Wall |
| 25:05 | Build | Stone Wall |
| 25:06 | Build | Stone Wall |
| 25:08 | Build | Stone Wall |
| 25:16 | Queue | Villager (Male) |
| 25:16 | Queue | Villager (Male) |
| 25:16 | Queue | Villager (Male) |
| 25:16 | Queue | Villager (Male) |
| 25:17 | Queue | Villager (Male) |
| 25:27 | Build | Mining Camp |
| 25:33 | Build | House |
Build order — Bart
First 150 of 374 actions detected
| 0:01 | Research | Loom |
| 0:02 | Queue | Villager (Male) |
| 0:02 | Queue | Villager (Male) |
| 0:02 | Queue | Villager (Male) |
| 0:02 | Queue | Villager (Male) |
| 0:02 | Queue | Villager (Male) |
| 0:03 | Build | House |
| 0:05 | Build | House |
| 1:43 | Queue | Villager (Male) |
| 2:53 | Build | Palisade Wall |
| 3:15 | Queue | Villager (Male) |
| 3:20 | Build | Palisade Wall |
| 3:33 | Build | Lumber Camp |
| 3:43 | Queue | Villager (Male) |
| 4:18 | Build | Palisade Wall |
| 4:24 | Queue | Villager (Male) |
| 4:56 | Queue | Villager (Male) |
| 5:19 | Queue | Villager (Male) |
| 5:45 | Queue | Villager (Male) |
| 5:49 | Build | House |
| 6:16 | Queue | Villager (Male) |
| 6:16 | Queue | Villager (Male) |
| 6:23 | Build | Dock |
| 6:35 | Queue | Villager (Male) |
| 6:35 | Queue | Villager (Male) |
| 6:58 | Queue | Villager (Male) |
| 7:12 | Queue | Fishing Ship |
| 7:21 | Build | House |
| 7:28 | Queue | Villager (Male) |
| 7:46 | Queue | Villager (Male) |
| 7:47 | Queue | Villager (Male) |
| 7:47 | Queue | Villager (Male) |
| 7:58 | Queue | Fishing Ship |
| 8:15 | Queue | Villager (Male) |
| 8:26 | Queue | Fishing Ship |
| 8:39 | Build | Palisade Wall |
| 8:45 | Build | House |
| 9:10 | Queue | Villager (Male) |
| 9:10 | Queue | Villager (Male) |
| 9:10 | Queue | Villager (Male) |
| 9:27 | Build | House |
| 9:33 | Queue | Fishing Ship |
| 10:16 | Queue | Fishing Ship |
| 10:17 | Queue | Villager (Male) |
| 10:59 | Research | Feudal Age |
| 11:20 | Build | Mill |
| 12:47 | Queue | Villager (Male) |
| 12:47 | Queue | Villager (Male) |
| 13:09 | Age | Feudal Age |
| 13:11 | Build | Market |
| 13:13 | Build | Blacksmith |
| 13:20 | Build | Mill |
| 14:05 | Research | Castle Age |
| 14:18 | Build | Palisade Wall |
| 14:37 | Research | Double-Bit Axe |
| 14:39 | Research | Horse Collar |
| 15:01 | Queue | Villager (Male) |
| 15:14 | Build | Palisade Wall |
| 15:22 | Build | House |
| 15:31 | Build | Fish Trap |
| 15:35 | Build | Fish Trap |
| 15:38 | Build | Fish Trap |
| 15:50 | Build | Fish Trap |
| 16:20 | Build | Fish Trap |
| 16:29 | Queue | Villager (Male) |
| 16:29 | Queue | Villager (Male) |
| 16:45 | Age | Castle Age |
| 17:03 | Build | Town Center |
| 17:11 | Queue | Villager (Male) |
| 17:47 | Queue | Villager (Male) |
| 17:47 | Queue | Villager (Male) |
| 18:07 | Build | Town Center |
| 18:16 | Queue | Villager (Male) |
| 18:22 | Queue | Villager (Male) |
| 18:22 | Queue | Villager (Male) |
| 18:23 | Queue | Villager (Male) |
| 18:23 | Queue | Villager (Male) |
| 18:52 | Research | Wheelbarrow |
| 19:02 | Queue | Villager (Male) |
| 19:02 | Queue | Villager (Male) |
| 19:12 | Queue | Villager (Male) |
| 19:12 | Queue | Villager (Male) |
| 19:12 | Queue | Villager (Male) |
| 19:52 | Build | Town Center |
| 19:57 | Queue | Villager (Male) |
| 19:58 | Queue | Villager (Male) |
| 20:07 | Build | Farm |
| 20:08 | Build | Farm |
| 20:09 | Build | Farm |
| 20:10 | Queue | Villager (Male) |
| 20:10 | Queue | Villager (Male) |
| 20:22 | Build | House |
| 20:22 | Build | House |
| 20:23 | Build | House |
| 20:24 | Build | House |
| 20:28 | Queue | Villager (Male) |
| 20:28 | Queue | Villager (Male) |
| 20:32 | Build | Farm |
| 20:46 | Build | Farm |
| 20:47 | Queue | Villager (Male) |
| 20:48 | Queue | Villager (Male) |
| 20:48 | Queue | Villager (Male) |
| 20:51 | Queue | Villager (Male) |
| 20:55 | Build | Farm |
| 21:00 | Build | Farm |
| 21:01 | Queue | Villager (Male) |
| 21:02 | Queue | Villager (Male) |
| 21:10 | Build | Farm |
| 21:12 | Queue | Villager (Male) |
| 21:12 | Queue | Villager (Male) |
| 21:21 | Build | Outpost |
| 21:36 | Build | Farm |
| 21:36 | Build | Farm |
| 21:38 | Build | Farm |
| 21:39 | Queue | Villager (Male) |
| 21:39 | Queue | Villager (Male) |
| 21:50 | Build | Farm |
| 21:52 | Queue | Villager (Male) |
| 22:00 | Build | Farm |
| 22:07 | Build | Farm |
| 22:11 | Queue | Villager (Male) |
| 22:12 | Queue | Villager (Male) |
| 22:14 | Build | House |
| 22:15 | Build | House |
| 22:17 | Build | House |
| 22:17 | Build | House |
| 22:26 | Queue | Villager (Male) |
| 22:26 | Queue | Villager (Male) |
| 22:26 | Queue | Villager (Male) |
| 22:31 | Build | Farm |
| 22:38 | Build | Farm |
| 22:42 | Build | Farm |
| 22:47 | Queue | Villager (Male) |
| 22:47 | Queue | Villager (Male) |
| 23:05 | Build | Castle |
| 23:10 | Queue | Villager (Male) |
| 23:10 | Queue | Villager (Male) |
| 23:12 | Research | Scale Mail Armor |
| 23:13 | Queue | Villager (Male) |
| 23:17 | Build | Farm |
| 23:20 | Build | Farm |
| 23:22 | Build | Farm |
| 23:26 | Queue | Villager (Male) |
| 23:26 | Queue | Villager (Male) |
| 23:36 | Build | Farm |
| 23:42 | Build | House |
| 23:55 | Queue | Huskarl |
| 23:56 | Queue | Huskarl |
| 23:56 | Queue | Huskarl |
| 23:58 | Queue | Villager (Male) |
Match timeline
| 2:53 | Bart · wall_segment Palisade Wall x9 |
| 3:20 | Bart · wall_segment Palisade Wall x1 |
| 4:18 | Bart · wall_segment Palisade Wall x3 |
| 4:57 | Arthemis · wall_segment Palisade Wall x6 |
| 6:23 | Bart · first_building Dock |
| 8:39 | Bart · wall_segment Palisade Wall x2 |
| 13:09 | Bart · age_up feudal |
| 13:56 | Arthemis · age_up feudal |
| 14:03 | Bart · first_market_sell 100 wood |
| 14:05 | Arthemis · wall_segment Palisade Wall x1 |
| 14:18 | Bart · wall_segment Palisade Wall x7 |
| 15:14 | Bart · wall_segment Palisade Wall x8 |
| 16:45 | Bart · age_up castle |
| 17:29 | Arthemis · age_up castle |
| 18:59 | Arthemis · first_market_buy 100 wood |
| 21:06 | Arthemis · first_building Monastery |
| 23:05 | Bart · first_building Castle |
| 23:54 | Arthemis · wall_segment Stone Wall x12 |
| 24:15 | Arthemis · first_building Siege Workshop |
| 24:45 | Bart · first_building Barracks |
| 24:54 | Arthemis · wall_segment Stone Wall x1 |
| 24:55 | Arthemis · wall_segment Stone Wall x1 |
| 25:01 | Bart · first_market_buy 100 food |
| 25:03 | Arthemis · wall_segment Stone Wall x2 |
| 25:05 | Arthemis · wall_segment Stone Wall x8 |
| 25:06 | Arthemis · wall_segment Stone Wall x4 |
| 25:08 | Arthemis · wall_segment Stone Wall x1 |
| 26:07 | Arthemis · first_market_sell 100 food |
| 26:10 | Bart · first_building Siege Workshop |
| 26:35 | Arthemis · first_building Barracks |
| 27:10 | Arthemis · first_building Archery Range |
| 28:07 | Arthemis · first_building Castle |
| 29:07 | Arthemis · wall_segment Stone Wall x1 |
| 29:08 | Arthemis · wall_segment Stone Wall x1 |
| 29:09 | Arthemis · wall_segment Stone Wall x1 |
| 29:11 | Arthemis · wall_segment Stone Wall x2 |
| 29:14 | Arthemis · wall_segment Stone Wall x1 |
| 29:15 | Arthemis · wall_segment Stone Wall x1 |
| 29:16 | Arthemis · wall_segment Stone Wall x1 |
| 29:17 | Arthemis · wall_segment Stone Wall x1 |
| 30:17 | Arthemis · age_up imperial |
| 31:31 | Bart · first_building Archery Range |
| 33:55 | Bart · age_up imperial |
| 36:28 | Arthemis · wall_segment Stone Wall x1 |
| 41:16 | Arthemis · resign |
[ AI ANALYSIS · 1 CREDIT ]
What really happened in this match?
Wolo.gg analyzes every decision: build order, eco, micro, common mistakes by bracket. Personalized analysis on WhatsApp or Discord in 30 seconds.
Civ guide
Bohemians
Perfil
Jugador #6103202